 Dungeon Crawl Stone Soup version 0.16.2-12-gd0ad4c3 (webtiles) character file.

167625 Charly the Severer (level 17, -43/161 HPs)
             Began as a Minotaur Gladiator on Aug 25, 2016.
             Was the Champion of Makhleb.
             Annihilated by a vault warden
             ... wielding a +0 bardiche
              (47 damage)
             ... on level 2 of the Vaults.
             The game lasted 03:05:27 (9214 turns).

Charly the Severer (Minotaur Gladiator)             Turns: 9214, Time: 03:05:28

Health: -43/161    AC: 31    Str: 22    XL:     17   Next: 7%
Magic:  14/17      EV: 16    Int: 10    God:    Makhleb [******]
Gold:   791        SH:  0    Dex: 14    Spells: 3 memorised, 9 levels left

rFire  . . .     SeeInvis .     a - +1 battleaxe (freeze)
rCold  . . .     Clarity  .     h - +4 chain mail {rPois}
rNeg   . . .     SustAb   +     (no shield)
rPois  +         Gourm    .     F - +2 hat {Int+3}
rElec  .         Spirit   .     e - +1 cloak
rCorr  .         Warding  .     J - +0 pair of gloves
rMut   .         Stasis   .     r - +2 pair of boots
MR     +++..                    z - amulet of regeneration
Stlth  ..........               Z - +3 ring of protection
                                m - ring "Syofaq" {SustAb +Blink MR+}

@: lethally poisoned (-43 -> -43), very slightly contaminated, hasted, very
quick, extremely resistant to hostile enchantments, extremely unstealthy
A: retaliatory headbutt, horns 2, talons 1, clever 1, clumsy 1, magic resistance
1, MP-powered wands 1
a: Minor Destruction, Lesser Servant of Makhleb, Major Destruction, Greater
Servant of Makhleb, Renounce Religion, Evoke Blink
}: 1/15 runes: decaying


You were on level 2 of the Vaults.
You worshipped Makhleb.
Makhleb was exalted by your worship.
You were not hungry.

You visited 4 branches of the dungeon, and saw 32 of its levels.
You also visited: Labyrinth, Sewer and Ice Cave.

You collected 1550 gold pieces.
You spent 759 gold pieces at shops.

Inventory:

Hand weapons
 a - a +1 battleaxe of freezing (weapon)
 b - the +6 trident "Tormentor" {drain, Noisy rElec Str+2 SInv}
   (You found it on level 2 of the Swamp)

   A truly terrible weapon, it drains the life of those it strikes.
   It affects your strength (+2).
   It insulates you from electricity.
   It enhances your eyesight.
   It may make noises in combat.
 d - a +2 broad axe of flaming
 n - a +4 battleaxe
 t - a +3 spear of distortion
 K - a +0 broad axe of electrocution
Armour
 e - a +1 cloak (worn)
 h - a +4 chain mail of poison resistance (worn)
 o - a +1 chain mail of magic resistance
 r - a +2 pair of boots (worn)
 C - the +5 ring mail "Melecaz" {rF++ Stlth+}
   (You found it on level 2 of the Lair of Beasts)

   It greatly protects you from fire.
   It makes you more stealthy.
 F - a +2 hat of intelligence (worn)
 J - a +0 pair of gloves (worn)
Rods
 k - a +0 rod of destruction (12/12)
   (You found it on level 13 of the Dungeon)
 p - a +0 iron rod (13/13)
   (You found it on level 13 of the Dungeon)
 u - a +5 rod of shadows (10/10)
   (You found it in a labyrinth)
Jewellery
 c - an uncursed ring of protection from cold
 f - an uncursed ring of protection from fire
 i - an uncursed ring of see invisible
 m - the ring "Syofaq" (left hand) {SustAb +Blink MR+}
   (You found it on level 13 of the Dungeon)

   [ring of sustain abilities]

   It sustains your strength, intelligence and dexterity.
   It affects your resistance to hostile enchantments.
   It lets you blink.
 z - an amulet of regeneration (around neck)
 E - an uncursed amulet of clarity {unknown}
 G - an uncursed amulet of guardian spirit
 M - an uncursed amulet of resist mutation
 P - an uncursed ring of magical power
 R - an uncursed amulet of rage
 S - an uncursed amulet of stasis
 U - a +3 ring of dexterity
 Z - a +3 ring of protection (right hand)
Magical devices
 v - a wand of hasting (1)
 x - a wand of enslavement (2)
 A - a wand of digging (12)
 L - a wand of random effects (27)
 W - a wand of paralysis (0)
 X - a wand of frost (17)
Scrolls
 j - 4 scrolls of magic mapping
 q - 8 scrolls of remove curse
 s - a scroll of immolation
 Y - 2 scrolls of enchant armour
Potions
 g - 3 potions of magic
 w - 6 potions of restore abilities
 B - 4 potions of curing
 H - a potion of brilliance
 I - a potion of cure mutation
 Q - 3 potions of resistance
 V - a potion of haste {unknown}
Books
 l - the Grimoire of Spatial Stones
   (You found it on level 13 of the Dungeon)

   Spells                             Type                      Level
   a - Sandblast                      Earth                        1
   b - Shroud of Golubria             Charms/Translocation         2
   c - Stoneskin                      Transmutation/Earth          2
   d - Stone Arrow                    Conjuration/Earth            3
   e - Portal Projectile              Translocation                3
   f - Control Teleport               Charms/Translocation         4
   g - Lee's Rapid Deconstruction     Earth                        5
   h - Shatter                        Earth                        9
 O - the Catalogue of Captivating Aid
   (You found it on level 12 of the Dungeon)

   Spells                             Type                      Level
   a - Shroud of Golubria             Charms/Translocation         2
   b - Sure Blade                     Hexes/Charms                 2
   c - Regeneration                   Charms/Necromancy            3
   d - Tukima's Dance                 Hexes                        3
   e - Excruciating Wounds            Charms/Necromancy            5
   f - Silence                        Hexes/Air                    5
 T - a book of Burglary

   Spells                             Type                      Level
   a - Swiftness                      Charms/Air                   2
   b - Passwall                       Transmutation/Earth          3
   c - Passage of Golubria            Translocation                4
   d - Lee's Rapid Deconstruction     Earth                        5
   e - Invisibility                   Hexes                        6
   f - Darkness                       Hexes                        7
Miscellaneous
 y - a phial of floods
Comestibles
 D - 8 meat rations
 N - 10 bread rations


   Skills:
 + Level 17.0 Fighting
 - Level 20.0 Axes
 - Level 2.0 Throwing
 + Level 17.1 Armour
 + Level 15.5 Dodging
 - Level 4.0 Invocations


You had 9 spell levels left.
You knew the following spells:

 Your Spells              Type           Power        Failure   Level  Hunger
b - Blink                 Tloc           N/A          99%         2    ###....
r - Regeneration          Chrm/Necr      #.........   100%        3    ####...
R - Repel Missiles        Chrm/Air       #.....       99%         2    ###....


Dungeon Overview and Level Annotations

Branches:
Dungeon (15/15)              Lair (8/8) D:8           Swamp (5/5) Lair:4
  Snake (0/5) Lair:6        Slime (0/6) Lair:6       Vaults (4/5) D:14
 Depths (0/5) D:15
 Temple: D:4-7          Orc: D:9-12       Crypt: Vaults:2-3

Altars:
Dithmenos
Makhleb
Sif Muna
The Shining One

Shops:
Vaults:3 *

Portals:
Trove: D:15 (give +3 ice dragon armour)

Annotations:
D:6 Edmund
Lair:2 exclusion: hellwing
Lair:3 Charly's ghost, powerful MiBe
Lair:8 1 exclusion


Innate Abilities, Weirdness & Mutations

You reflexively headbutt those who attack you in melee.
You have a pair of horns on your head.
You have sharp toenails.
Your mind is acute. (Int +2)
You are clumsy. (Dex -2)
You are resistant to hostile enchantments.
You expend magic power (3 MP) to slightly strengthen your wands.


Message History

Okay, then.
You slice the jiangshi!! You freeze the jiangshi. You headbutt the jiangshi.
The jiangshi is moderately damaged.
You feel sick.
You closely miss the jiangshi.
The jiangshi is moderately damaged.
The jiangshi completely misses you. The jiangshi barely misses you.
Unknown command.
You hit the jiangshi. Your headbutt misses the jiangshi.
The jiangshi is moderately damaged.
You feel sick. The jiangshi claws you.
* * * LOW HITPOINT WARNING * * *
The jiangshi draws strength from your injuries!
The jiangshi barely misses you.
Unknown command.
You slash the jiangshi! You freeze the jiangshi.
The jiangshi is heavily damaged.
The jiangshi claws you but does no damage. x2
The vault warden hits you from afar with a bardiche!!!
You die...

+##'######+
#..#...#..#
#..#...#..#
#########'### #######
#.#.........#
#.......
#.#.8.....8.#
#.#......
#.#.........#
+.......
#'###'#########p..8#
#.#..#...#..#@Vp†.#
#)#..#...#..#.#W..#
##)######'##+##...#
#.#..#...#..#.#...8#
###############......
#.#...... #.......
#######


You could see a vault warden, a vault guard, a jiangshi and a freezing wraith.

Vanquished Creatures
  Norris (Vaults:2)
  A deep elf sorcerer (D:13)
  7 vault wardens
  Gastronok (D:8)
  A ghoul (Vaults:2)
  7 ironheart preservers
  The ghost of Sapher the Cleaver, a powerful DDGl of Makhleb (Vaults:1)
  A deep elf demonologist (Vaults:3)
  A deep elf annihilator (Vaults:3)
  An eidolon (Vaults:2)
  2 ettins
  13 vault guards
  4 fire dragons
  A deep elf death mage (Vaults:3)
  2 yaktaur captains
  Fannar (D:12)
  2 great orbs of eyes
  3 ice dragons
  14 hydras
  2 ghost crabs
  4 alligators
  A deep troll earth mage (D:13)
  2 tengu warriors
  7 centaur warriors
  An ogre mage (Vaults:4)
  2 vampire magi (D:13)
  A deep elf knight (Vaults:3)
  An unseen horror (Lab)
  A hell knight (D:15)
  2 fire crabs (Vaults:3)
  A sea snake (shapeshifter) (Vaults:2)
  4 deep trolls (Vaults:4)
  2 spriggan druids
  A swamp dragon (shapeshifter) (Vaults:1)
  3 swamp dragons (Swamp:5)
  A deep elf summoner (Vaults:3)
  2 hill giants
  10 ironbrand convokers
  A deep elf conjurer (Vaults:3)
  A wolf spider zombie (D:15)
  5 cyclopes
  2 griffons
  7 orc knights
  4 wolf spiders
  3 orc sorcerers (D:13)
  17 ugly things
  4 black mambas
  3 hornets
  6 naga magi (D:13)
  5 vault sentinels
  A rust devil (Vaults:3)
  15 spiny frogs
  2 centaur skeletons
  3 komodo dragons
  An orange demon (Vaults:1)
  17 yaktaurs
  4 deep elf priests
  A wandering mushroom (Lab)
  4 giant leeches
  19 slime creatures
  2 polar bears (Lair:8)
  6 blink frogs (Lair:8)
  8 trolls
  6 ravens
  2 two-headed ogres (Vaults:4)
  A freezing wraith (Vaults:1)
  2 basilisks
  5 bog bodies
  A blink frog (shapeshifter) (D:13)
  6 spriggans
  A wraith (Vaults:1)
  5 redbacks (Vaults:3)
  24 vampire mosquitoes
  11 deep elf magi
  6 hippogriffs
  A centaur simulacrum (D:13)
  9 deep elf fighters
  24 yaks
  A hungry ghost (D:7)
  A wolf (Lair:8)
  A yaktaur simulacrum (Vaults:1)
  A warg (Vaults:3)
  A soldier ant (D:13)
  10 swamp worms
  12 insubstantial wisps
  2 porcupines
  6 water moccasins
  A naga (Lair:6)
  7 swamp drakes
  10 orc warriors
  A sky beast (D:10)
  4 wasps
  A black bear (D:11)
  10 ogres
  A phantom (D:8)
  An eye of draining (D:12)
  11 ice beasts (IceCv)
  16 centaurs
  11 crocodiles
  9 killer bees
  A brain worm (D:13)
  Blork the orc (D:8)
  17 giant frogs
  3 big kobolds
  An earth elemental (Lab)
  A human simulacrum (Vaults:1)
  A wyvern skeleton (D:14)
  A naga zombie (D:13)
  2 scorpions
  The ghost of Charly the Chopper, a weakling MiGl (D:4)
  5 electric eels (Lair:8)
  13 wights
  A giant frog zombie (D:12)
  A wasp zombie (D:11)
  8 orc priests
  A giant frog skeleton (D:11)
  2 jellies
  6 hounds
  4 iguanas
  11 orc wizards
  A quasit (D:12)
  2 worker ants
  11 sheep
  A hound skeleton (D:8)
  Terence (D:3)
  35 river rats
  8 adders
  A shadow imp (D:11)
  2 ufetubi (D:13)
  A worm (D:5)
  An orc zombie (D:13)
  An ooze (D:7)
  46 orcs
  3 giant cockroaches
  3 goblins
  5 hobgoblins
  11 kobolds
  3 bats
  3 giant geckos
  2 giant newts (D:4)
  A jackal (D:7)
  5 quokkas
  5 rats
  2 crawling corpses (Vaults:1)
  3 fungi
  10 plants
723 creatures vanquished.

Vanquished Creatures (collateral kills)
  Asterion (Vaults:1)
  A minotaur (Lab)
  Snorg (Lair:6)
  A hydra (Lair:6)
  An orange demon (Lab)
  A freezing wraith (D:10)
  A swamp worm (Swamp:2)
  6 ice beasts (IceCv)
  A wasp (Swamp:5)
  A giant frog (Lair:8)
  A killer bee (D:8)
  An electric eel (Lair:8)
  A fungus (Lair:6)
18 creatures vanquished.

Vanquished Creatures (others)
  An ogre mage (Vaults:3)
  A swamp dragon (Swamp:5)
  3 orange demons
  2 smoke demons
  A spiny frog (Swamp:5)
  A hellwing (Lab)
  2 ravens (Swamp:2)
  2 water elementals
  A spriggan (Swamp:5)
  2 neqoxecs (Lair:6)
  A ynoxinul (Lab)
  A swamp drake (Swamp:5)
  A water moccasin (Swamp:2)
  A killer bee (D:8)
  A lost soul (Vaults:3)
  A hound (D:5)
  3 ufetubi
  A giant spore (D:13)
  2 fungi
  8 plants
36 creatures vanquished.

Grand Total: 777 creatures vanquished

Notes
Turn   | Place    | Note
--------------------------------------------------------------
     0 | D:1      | Charly, the Minotaur Gladiator, began the quest for the Orb.
     0 | D:1      | Reached XP level 1. HP: 18/18 MP: 1/1
    64 | D:3      | Noticed Terence
    80 | D:3      | Killed Terence
    80 | D:3      | Reached skill level 4 in Axes
    80 | D:3      | Reached XP level 2. HP: 6/25 MP: 1/1
   194 | D:3      | Reached skill level 5 in Axes
   194 | D:3      | Reached XP level 3. HP: 16/30 MP: 2/2
   202 | D:3      | Found a glowing drain.
   206 | Sewer    | Entered a sewer
   288 | Sewer    | Noticed Purgy
   405 | D:4      | Noticed Charly's ghost (weakling MiGl)
   424 | D:4      | Reached skill level 6 in Axes
   424 | D:4      | Reached XP level 4. HP: 16/37 MP: 2/2
   433 | D:5      | Entered Level 5 of the Dungeon
   520 | D:4      | Killed Charly's ghost
   539 | D:3      | Noticed an orc priest
   551 | D:4      | Found a burning altar of Makhleb.
   557 | D:4      | Became a worshipper of Makhleb the Destroyer
   579 | D:5      | Found a glowing golden altar of the Shining One.
   604 | D:6      | Found a shadowy altar of Dithmenos.
   623 | D:6      | Noticed Edmund
   665 | D:5      | Reached XP level 5. HP: 29/42 MP: 2/2
   671 | D:5      | Reached skill level 7 in Axes
   792 | D:5      | Noticed a centaur
   818 | D:4      | Noticed a scorpion
   865 | D:4      | Killed a scorpion
   865 | D:4      | Reached skill level 8 in Axes
   879 | D:4      | Acquired Makhleb's first power
   879 | D:4      | Reached XP level 6. HP: 50/50 MP: 3/3
   943 | D:5      | Killed a centaur
   954 | D:5      | Reached skill level 9 in Axes
   961 | D:5      | 14/7
   998 | D:5      | Reached skill level 1 in Armour
  1089 | D:6      | Noticed an ogre
  1099 | D:6      | Killed an ogre
  1099 | D:6      | Reached XP level 7. HP: 56/56 MP: 3/3
  1136 | D:7      | Acquired Makhleb's second power
  1252 | D:7      | Reached skill level 10 in Axes
  1288 | D:7      | Reached XP level 8. HP: 54/62 MP: 3/3
  1383 | D:8      | Reached skill level 11 in Axes
  1416 | D:10     | Entered Level 10 of the Dungeon
  1636 | D:12     | Reached skill level 12 in Axes
  1642 | D:12     | Identified the Catalogue of Captivating Aid (You found it on level 12 of the Dungeon)
  1660 | D:11     | Reached skill level 13 in Axes
  1661 | D:11     | Reached XP level 9. HP: 65/68 MP: 4/4
  1673 | D:11     | Reached skill level 14 in Axes
  1793 | D:12     | Acquired Makhleb's third power
  1839 | D:12     | Noticed Fannar
  1889 | D:13     | Noticed a four-headed hydra
  1893 | D:13     | Noticed a white ugly thing
  1896 | D:13     | Noticed a cyclops
  1897 | D:13     | Noticed a fire dragon
  1902 | D:13     | Noticed a deep troll earth mage
  1998 | D:10     | Noticed a freezing wraith
  2021 | D:10     | Killed a freezing wraith
  2109 | D:8      | Noticed Gastronok
  2110 | D:8      | Noticed a hellwing
  2144 | D:9      | Noticed a white ugly thing
  2158 | D:9      | Killed a white ugly thing
  2158 | D:9      | Reached skill level 5 in Armour
  2174 | D:8      | Found a staircase to the Lair.
  2253 | D:8      | Reached XP level 10. HP: 79/79 MP: 11/11
  2299 | D:8      | Noticed Blork the orc
  2307 | D:8      | Killed Blork the orc
  2352 | Lair:1   | Entered Level 1 of the Lair of Beasts
  2366 | Lair:1   | 19/9
  2400 | Lair:1   | Reached skill level 5 in Fighting
  2425 | Lair:2   | Reached skill level 15 in Axes
  2457 | Lair:2   | Found a labyrinth entrance.
  2470 | Lab      | Entered a labyrinth
  2686 | Lab      | Killed an unseen horror
  2831 | Lab      | Noticed a minotaur
  2889 | Lab      | Killed a minotaur
  2962 | Lair:2   | Identified a +5 rod of shadows (10/10) (You found it in a labyrinth)
  3043 | Lair:3   | Noticed a black mamba
  3052 | Lair:3   | Killed a black mamba
  3069 | Lair:3   | Gained mutation: Your mind is acute. (Int +2) [potion of mutation]
  3069 | Lair:3   | Gained mutation: You expend magic power (3 MP) to slightly strengthen your wands. [potion of mutation]
  3115 | Lair:5   | Reached XP level 11. HP: 92/92 MP: 6/11
  3288 | Lair:5   | Reached skill level 5 in Dodging
  3291 | Lair:5   | 21/10
  3318 | Lair:6   | Acquired Makhleb's fourth power
  3368 | Lair:6   | Noticed Snorg
  3390 | Lair:6   | Killed Snorg
  3492 | Lair:7   | Noticed a four-headed hydra
  3542 | Lair:6   | Found a staircase to the Slime Pits.
  3574 | Lair:6   | Reached skill level 16 in Axes
  3677 | Lair:6   | 23/11
  3682 | Lair:6   | Found a staircase to the Snake Pit.
  3786 | Lair:8   | Entered Level 8 of the Lair of Beasts
  3801 | Lair:8   | Gained mutation: You have sharp toenails. [potion of mutation]
  3801 | Lair:8   | Gained mutation: You are clumsy. (Dex -2) [potion of mutation]
  3918 | Lair:8   | Reached skill level 10 in Armour
  3995 | Lair:8   | Found a frozen archway.
  4037 | IceCv    | Entered an ice cave
  4044 | IceCv    | Reached XP level 12. HP: 105/105 MP: 13/13
  4130 | IceCv    | Noticed an ice dragon
  4130 | IceCv    | Noticed an ice dragon
  4153 | IceCv    | Killed an ice dragon
  4158 | IceCv    | Killed an ice dragon
  4257 | IceCv    | Acquired Makhleb's fifth power
  4262 | IceCv    | Reached skill level 10 in Fighting
  4269 | IceCv    | Noticed an ice statue
  4270 | IceCv    | Noticed an ice statue
  4342 | Lair:8   | Noticed a five-headed hydra
  4399 | Lair:8   | Killed a five-headed hydra
  4533 | Lair:6   | Noticed a five-headed hydra
  4541 | Lair:6   | Killed a five-headed hydra
  4653 | Lair:5   | Reached skill level 17 in Axes
  4776 | Lair:4   | Found a staircase to the Swamp.
  4797 | Swamp:1  | Entered Level 1 of the Swamp
  4842 | Swamp:2  | Noticed a ghost crab
  4870 | Swamp:2  | Killed a ghost crab
  4982 | Swamp:2  | Got a crude trident
  4983 | Swamp:2  | Identified the +6 trident "Tormentor" {drain, Noisy rElec Str+2 SInv} (You found it on level 2 of the Swamp)
  5088 | Swamp:2  | Reached XP level 13. HP: 99/116 MP: 14/14
  5418 | Swamp:5  | Entered Level 5 of the Swamp
  5460 | Swamp:5  | Reached skill level 10 in Dodging
  5629 | Swamp:5  | Reached skill level 18 in Axes
  5740 | Swamp:5  | Reached XP level 14. HP: 127/127 MP: 14/14
  5742 | Swamp:5  | Got a decaying rune of Zot
  5917 | Lair:3   | Noticed Charly's ghost (powerful MiBe)
  5932 | Lair:2   | Got a translucent ring mail
  5943 | Lair:2   | Identified the +5 ring mail "Melecaz" {rF++ Stlth+} (You found it on level 2 of the Lair of Beasts)
  6013 | D:8      | Killed Gastronok
  6132 | D:13     | Noticed a raven
  6132 | D:13     | Noticed a raven
  6133 | D:13     | Noticed a tengu warrior
  6134 | D:13     | Noticed a raven
  6144 | D:13     | Killed a raven
  6151 | D:13     | Killed a raven
  6159 | D:13     | Killed a raven
  6161 | D:13     | Killed a tengu warrior
  6175 | D:13     | Noticed a troll
  6179 | D:13     | Killed a troll
  6201 | D:13     | Noticed a hill giant
  6204 | D:13     | Noticed a centaur warrior
  6208 | D:13     | Killed a hill giant
  6218 | D:13     | Killed a centaur warrior
  6271 | D:13     | Killed a seven-headed hydra
  6285 | D:13     | Killed a fire dragon
  6404 | D:12     | Killed Fannar
  6418 | D:13     | Killed a deep troll earth mage
  6422 | D:13     | Killed a white ugly thing
  6430 | D:13     | Killed a cyclops
  6467 | D:14     | Gained mutation: You are resistant to hostile enchantments. [mutagenic meat]
  6495 | D:13     | Identified Sif Muna's Incunabulum of Lightness (You found it on level 13 of the Dungeon)
  6520 | D:13     | Noticed a cyclops
  6527 | D:13     | Killed a cyclops
  6576 | D:13     | Noticed a naga mage
  6577 | D:13     | Noticed an orc sorcerer
  6583 | D:13     | Noticed a vampire mage
  6585 | D:13     | Killed an orc sorcerer
  6585 | D:13     | Killed a naga mage
  6601 | D:13     | Killed a vampire mage
  6614 | D:13     | Found a deep blue altar of Sif Muna.
  6614 | D:13     | Noticed a deep elf sorcerer
  6619 | D:13     | Noticed a naga mage
  6625 | D:13     | Killed a deep elf sorcerer
  6630 | D:13     | Killed a naga mage
  6645 | D:13     | Noticed an orc sorcerer
  6647 | D:13     | Noticed an orc sorcerer
  6652 | D:13     | Killed an orc sorcerer
  6656 | D:13     | Killed an orc sorcerer
  6670 | D:13     | Identified the Grimoire of Spatial Stones (You found it on level 13 of the Dungeon)
  6685 | D:13     | Identified a +0 rod of destruction (12/12) (You found it on level 13 of the Dungeon)
  6691 | D:13     | Identified Voshojow's Tome of Flamy Attacks (You found it on level 13 of the Dungeon)
  6710 | D:13     | Noticed a naga mage
  6711 | D:13     | Noticed a naga mage
  6720 | D:13     | Noticed a vampire mage
  6724 | D:13     | Killed a naga mage
  6727 | D:13     | Killed a naga mage
  6763 | D:14     | Found a gate to the Vaults.
  6808 | D:13     | Got a flickering bone ring
  6810 | D:13     | Identified the ring "Syofaq" {SustAb +Blink MR+} (You found it on level 13 of the Dungeon)
  6838 | D:13     | Killed a vampire mage
  6846 | D:13     | Noticed a naga mage
  6856 | D:13     | Killed a naga mage
  6871 | D:13     | Noticed a naga mage
  6875 | D:13     | Killed a naga mage
  6903 | D:13     | Identified the Compendium of Frigorific Weightlessness (You found it on level 13 of the Dungeon)
  6915 | D:13     | Identified the Disquisition on Ignition and Evil Arts (You found it on level 13 of the Dungeon)
  6985 | D:15     | Entered Level 15 of the Dungeon
  7135 | D:15     | Found a portal to a secret trove of treasure.
  7184 | D:15     | Found a staircase to the Depths.
  7209 | D:15     | Reached skill level 19 in Axes
  7263 | D:14     | Reached XP level 15. HP: 138/138 MP: 16/16
  7344 | Vaults:1 | Entered Level 1 of the Vaults
  7390 | Vaults:1 | Noticed Asterion
  7420 | D:14     | Learned a level 2 spell: Blink
  7423 | D:14     | Learned a level 2 spell: Repel Missiles
  7427 | D:14     | Learned a level 3 spell: Regeneration
  7474 | Vaults:1 | Killed Asterion
  7758 | Vaults:1 | Noticed Sapher's ghost (powerful DDGl)
  7871 | Vaults:1 | Reached skill level 15 in Armour
  7933 | Vaults:1 | Killed Sapher's ghost
  8017 | Vaults:1 | Reached skill level 15 in Fighting
  8354 | Vaults:2 | Reached XP level 16. HP: 149/149 MP: 16/16
  8523 | Vaults:3 | Reached skill level 20 in Axes
  8566 | Vaults:3 | 30/16
  8572 | Vaults:3 | 30/16
  8582 | Vaults:3 | Found Evaisagh's Assorted Antiques.
  8614 | Vaults:3 | Bought a short gold wand for 196 gold pieces
  8614 | Vaults:3 | Bought a brass wand for 196 gold pieces
  8614 | Vaults:3 | Bought a scroll of enchant armour for 367 gold pieces
  8901 | Vaults:3 | 31/16
  8978 | Vaults:4 | Reached skill level 15 in Dodging
  9172 | Vaults:2 | Noticed Norris
  9200 | Vaults:2 | Killed Norris
  9200 | Vaults:2 | Reached XP level 17. HP: 141/160 MP: 13/17
  9210 | Vaults:2 | HP: 6/161 [vault warden/bardiche (34)]
  9214 | Vaults:2 | Annihilated by a vault warden

Action                   |  1- 3 |  4- 6 |  7- 9 | 10-12 | 13-15 | 16-18 || total
-------------------------+-------+-------+-------+-------+-------+-------++-------
Melee: War axe           |    66 |    83 |    44 |       |       |       ||   193
       Battleaxe         |       |       |   167 |   525 |   854 |   325 ||  1871
       Trident           |       |       |       |     4 |    94 |       ||    98
       Morningstar       |       |       |       |    10 |       |       ||    10
Throw: Throwing net      |     5 |       |       |       |       |       ||     5
       Javelin           |       |     5 |     4 |       |       |       ||     9
Invok: Lesser Servant of |       |       |     3 |    19 |     8 |       ||    30
       Minor Destruction |       |       |       |       |     2 |       ||     2
Evoke: Wand              |     1 |     1 |     4 |     8 |    12 |     1 ||    27
       Phial of floods   |       |       |       |     2 |     3 |       ||     5
  Use: Scroll            |       |     4 |    13 |    17 |     7 |       ||    41
       Potion            |       |     1 |     2 |     6 |     7 |       ||    16
 Stab: Held in net/web   |     2 |       |       |       |       |       ||     2
       Distracted        |       |       |       |     2 |     4 |       ||     6
       Invisible         |       |       |       |     9 |       |       ||     9
       Paralysed         |       |       |       |     5 |     8 |       ||    13
  Eat: Chunk             |       |     2 |     6 |       |     1 |       ||     9
       Fruit             |       |       |     8 |    11 |    15 |       ||    34
       Beef jerky        |       |       |       |     1 |       |     3 ||     4
